 Dungeon Crawl Stone Soup version 0.27.0-1-g7a089689b8 (webtiles) character file.

Game seed: 15903927332972400820

38785 mandarbmax the Warrior (level 14, -4/175 HPs)
             Began as an Ogre Berserker on Aug 2, 2021.
             Was a High Priest of Trog.
             Splashed by a goliath frog's acid (7 damage)
             ... on level 6 of the Lair of Beasts on Aug 3, 2021.
             The game lasted 00:36:47 (27510 turns).

mandarbmax the Warrior (Ogre Berserker)            Turns: 27510, Time: 00:36:49

Health: -4/175     AC: 10    Str: 25    XL:     14   Next: 3%
Magic:  0/23       EV: 10    Int:  8    God:    Trog [*****.]
Gold:   170        SH:  7    Dex: 11    Spells: 13/13 levels left

rFire    . . .     SeeInvis .   b - +10 morningstar "Eos" {elec, Halo rElec}
rCold    . . .     Faith    .   H - +0 kite shield
rNeg     . . .     Spirit   +   f - +2 robe {Will+}
rPois    .         Reflect  .   w - +2 hat
rElec    +         Harm     .   d - +2 cloak
rCorr    .         Rampage  .   (gloves unavailable)
Will     ++++.                  (boots unavailable)
Stlth    +.........             k - amulet of guardian spirit
HPRegen  1.39/turn              D - ring of flight
MPRegen  0.18/turn              z - ring of magical power

@: lethally poisoned (-4 -> -23), about to teleport, strong-willed, on berserk
cooldown, flying, regenerating, slowed, glowing, very slow
A: large, unfitting armour, tough skin 1
a: Renounce Religion, Berserk, Trog's Hand, Brothers in Arms


You were on level 6 of the Lair of Beasts.
You worshipped Trog.
Trog was extremely pleased with you.
You visited 3 branches of the dungeon, and saw 19 of its levels.

You collected 910 gold pieces.
You spent 740 gold pieces at shops.

Inventory:

Hand Weapons
 b - the +10 morningstar "Eos" (weapon) {elec, Halo rElec}
   (You bought it in a shop on level 6 of the Dungeon)

   It occasionally discharges a powerful burst of electricity upon striking a
   foe.
   It grants its wielder a halo, increasing accuracy against those within it.
   rElec:     It insulates you from electricity.
 i - a +3 whip of flaming
Missiles
 g - 13 poisoned darts (quivered)
 r - 18 boomerangs
 B - 4 javelins
 I - a throwing net
 J - a curare-tipped dart
 M - 3 large rocks
Armour
 d - a +2 cloak (worn)
 f - a +2 robe of willpower (worn)
 w - a +2 hat (worn)
 H - a +0 kite shield (worn)
Jewellery
 k - an amulet of guardian spirit (around neck)
 l - a ring of fire
 z - a ring of magical power (right hand)
 D - a ring of flight (left hand)
Wands
 n - a wand of acid (6)
 o - a wand of mindburst (24)
 y - a wand of iceblast (8)
 E - a wand of polymorph (5)
Scrolls
 h - a scroll of blinking
 s - a scroll of enchant armour
 t - 2 scrolls of enchant weapon
 v - a scroll of fear
 C - a scroll of magic mapping {unknown}
 N - 2 scrolls of immolation
Potions
 a - a potion of mutation
 c - 2 potions of curing
 e - 2 potions of haste
 j - 2 potions of lignification
 m - a potion of attraction
 p - a potion of resistance
 q - 2 potions of might
 x - a potion of heal wounds
 A - 2 potions of ambrosia {unknown}
 K - a potion of invisibility
 P - a potion of flight {unknown}
Miscellaneous
 u - a tin of tremorstones (2/2)
 F - a phial of floods


   Skills:
 - Level 20.0 Fighting
 + Level 14.4 Maces & Flails
 + Level 10.3 Dodging


You had 13 spell levels left.
You didn't know any spells.
Your spell library was empty.

Dungeon Overview and Level Annotations

Branches:
Dungeon (12/15)            Temple (1/1) D:4            Lair (6/6) D:11
  Swamp (0/4) Lair:4        Snake (0/4) Lair:4        Slime (0/5) Lair:5
    Orc: D:9-12

Altars:
Elyvilon
Fedhas
Hepliaklqana
Kikubaaqudgha
Nemelex Xobeh
Okawaru
Qazlal
Ru
Sif Muna
Trog
Uskayaw
Xom
Yredelemnul
Zin
The Shining One

Shops:
D:6 (

Annotations:
D:8 exclusions: ice statue and oklob plant
D:9 2 transporters, exclusion: ice statue, shadowrider38's ghost, novice MiBe
Lair:4 exclusion: oklob plant
Lair:5 3 runed translucent doors, Qoypruj's ghost, journeyman MiGl


Innate Abilities, Weirdness & Mutations

You are too large for most types of armour.
You have tough skin. (AC +1)


Message History

The cane toad closely misses you. The cane toad stings you.
You impale the cane toad!!
You kill the cane toad!
Trog accepts your kill.
You feel sick. The cane toad barely misses you. The cane toad stings you!
The blink frog misses you.
The blink frog hits the fungus!
Unknown command.
You hit the cane toad.
Lightning courses through the cane toad!
The cane toad is heavily wounded.
You feel sick.
A nearby fungus withers and dies.
A nearby plant withers and dies.
The blink frog hits you. The cane toad barely misses you.
The blink frog barely misses you. The cane toad stings you.
You block the goliath frog's attack.
Your shield prevents you from hitting the cane toad.
The cane toad is heavily wounded.
You feel sick. You block the blink frog's attack. The cane toad stings you!
* * * LOW HITPOINT WARNING * * *
You are more poisoned.
The cane toad poisons you! The goliath frog closely misses you.
The blink frog barely misses you. You block the cane toad's attack.
The goliath frog hits you from afar!
* * * LOW HITPOINT WARNING * * *
You are splashed with acid.
* * * LOW HITPOINT WARNING * * *
Unknown command.
As you read the scroll of teleportation, it crumbles to dust.
You feel strangely unstable.
You feel very sick. The blink frog hits you!
* * * LOW HITPOINT WARNING * * *
The blink frog blinks! x2; The cane toad stings you!!
* * * LOW HITPOINT WARNING * * *
You are lethally poisoned!
The cane toad poisons you! The blink frog hits you.
* * * LOW HITPOINT WARNING * * *
The goliath frog hits you from afar.
* * * LOW HITPOINT WARNING * * *
You are splashed with acid!
You die...

# ### .P ## #########@#########
######
.P.#.###P##....F#F.##..#.###PP#..
........†.....F§.FF..........P..#
.............F..F................
....................#.##.##P..P..
......(†............##########...
.....(...............# ####..
....................## #####.#P.P
....................# ##........#


You could see a goliath frog, a cane toad, 3 blink frogs and a bullfrog.

Vanquished Creatures
  Gastronok (Lair:1)
  4 hydras
  Erica (Lair:2)
  A centaur warrior (D:9)
  Urug (Lair:5)
  A two-headed ogre (D:8)
  3 death yaks (Lair:5)
  A wizard (D:11)
  Pikel (D:7)
  2 oklob plants (Lair:2)
  A cyclops (D:11)
  Maurice (D:9)
  5 black mambas
  2 molten gargoyles (Lair:5)
  10 cane toads
  9 komodo dragons
  3 polar bears
  2 tyrant leeches (Lair:4)
  A hornet (Lair:3)
  8 blink frogs
  A slime creature (D:9)
  A shadow (D:11)
  33 yaks
  A wraith (D:10)
  3 wyverns
  A vampire (D:7)
  3 basilisks (D:11)
  8 vampire mosquitoes
  4 steam dragons
  Menkaure (D:5)
  A swamp worm (Lair:4)
  3 nagas (Lair:4)
  5 acid dragons
  7 water moccasins
  A swamp drake (Lair:1)
  2 black bears
  2 orc warriors
  4 sky beasts
  4 necrophages
  An ogre (D:5)
  6 centaurs
  30 wolves
  2 lemures (D:7)
  A phantom (D:4)
  A kobold brigand (D:10)
  A gnoll sergeant (D:10)
  3 scorpions
  6 bullfrogs
  A water moccasin zombie (D:6)
  A wyvern zombie (D:7)
  A wyvern skeleton (D:6)
  2 water moccasin skeletons
  4 wights (D:8)
  3 howler monkeys
  3 jellies
  An electric eel (Lair:4)
  5 lava snakes (Lair:5)
  8 crimson imps (D:8)
  3 centaur zombies
  Crazy Yiuf (D:7)
  A gnoll shaman (D:5)
  A hound (D:6)
  An orc priest (D:6)
  4 iguanas
  14 orc wizards
  2 killer bee zombies
  2 howler monkey zombies (D:10)
  7 adders
  10 gnolls
  A shadow imp (D:8)
  13 white imps
  2 ufetubi (D:5)
  An adder skeleton (D:4)
  2 worms
  3 dart slugs
  25 orcs
  3 bats
  9 endoplasms
  2 giant cockroaches
  9 goblins
  11 hobgoblins
  3 jackals
  4 quokkas
  9 ball pythons
  2 frilled lizards
  9 kobolds
  5 rats
  A bush (D:8)
383 creatures vanquished.

Vanquished Creatures (collateral kills)
  A boulder beetle (D:11)
1 creature vanquished.

Vanquished Creatures (others)
  11 fungi
  49 plants
60 creatures vanquished.

Grand Total: 444 creatures vanquished

Notes
Turn   | Place    | Note
-------+----------+-------------------------------------------
     0 | D:1      | mandarbmax the Ogre Berserker began the quest for the Orb.
     0 | D:1      | Reached XP level 1. HP: 24/24 MP: 1/1
    56 | D:1      | Reached XP level 2. HP: 24/32 MP: 2/2
   697 | D:1      | Reached XP level 3. HP: 37/40 MP: 3/3
  1063 | D:1      | Reached ** piety under Trog
  1688 | D:2      | Found a sparkling altar of Nemelex Xobeh.
  1804 | D:2      | Reached XP level 4. HP: 49/49 MP: 4/4
  1818 | D:2      | Reached skill level 5 in Fighting
  2141 | D:2      | Found a faded altar of an unknown god.
  2476 | D:3      | Found a shimmering altar of Xom.
  2484 | D:3      | Reached XP level 5. HP: 57/57 MP: 5/5
  3203 | D:3      | Found a bloodstained altar of Trog.
  3315 | D:3      | Found a shimmering blue altar of Sif Muna.
  3437 | D:4      | Found a white marble altar of Elyvilon.
  3698 | D:4      | Found a staircase to the Ecumenical Temple.
  3763 | Temple   | Entered the Ecumenical Temple
  3942 | D:4      | Noticed a phantom
  3956 | D:4      | Killed a phantom
  3957 | D:4      | Reached skill level 5 in Maces & Flails
  3957 | D:4      | Reached XP level 6. HP: 40/67 MP: 2/6
  4190 | D:4      | Reached skill level 6 in Fighting
  4593 | D:5      | Entered Level 5 of the Dungeon
  4607 | D:5      | Noticed a necrophage
  4608 | D:5      | Reached *** piety under Trog
  4610 | D:5      | Noticed a sky beast
  4621 | D:5      | Killed a necrophage
  4631 | D:5      | Killed a sky beast
  4632 | D:5      | Reached XP level 7. HP: 22/76 MP: 0/7
  4940 | D:5      | Reached skill level 7 in Fighting
  5505 | D:5      | Reached XP level 8. HP: 87/87 MP: 8/8
  5717 | D:5      | Noticed Menkaure
  5726 | D:5      | Killed Menkaure
  5914 | D:6      | Reached skill level 8 in Fighting
  6374 | D:6      | Found Anweadiq's Weapon Shoppe.
  6865 | D:6      | Reached **** piety under Trog
  7236 | D:6      | Reached XP level 9. HP: 97/97 MP: 9/9
  7283 | D:6      | Reached skill level 9 in Fighting
  7283 | D:6      | Reached skill level 5 in Dodging
  7702 | D:7      | Found a runed translucent door.
  7703 | D:7      | Noticed Crazy Yiuf
  8304 | D:7      | Reached ***** piety under Trog
  8566 | D:7      | Found a hazy altar of Hepliaklqana.
  8611 | D:7      | Noticed Pikel
  8639 | D:7      | Killed Pikel
  8722 | D:7      | Reached skill level 10 in Fighting
  9085 | D:7      | Killed Crazy Yiuf
  9167 | D:8      | Found a sparkling altar of Nemelex Xobeh.
  9208 | D:8      | Reached XP level 10. HP: 110/110 MP: 10/10
  9410 | D:8      | Found an iron altar of Okawaru.
  9434 | D:8      | Reached skill level 10 in Maces & Flails
  9702 | D:8      | Found a blossoming altar of Fedhas.
  9716 | D:8      | Noticed an oklob plant
  9815 | D:8      | Noticed a two-headed ogre
  9834 | D:8      | Killed a two-headed ogre
 10459 | D:8      | Noticed an ice statue
 10735 | D:8      | Reached skill level 11 in Fighting
 11128 | D:9      | Noticed a two-headed ogre
 11131 | D:9      | Noticed a two-headed ogre
 11133 | D:9      | Noticed shadowrider38's ghost (novice MiBe)
 11146 | D:9      | Noticed a tengu warrior
 11149 | D:9      | Found a transporter.
 11239 | D:9      | Noticed a manticore
 11246 | D:9      | Noticed an ice statue
 11266 | D:9      | Found a transporter.
 11305 | D:9      | Found a sacrificial altar of Ru.
 11313 | D:9      | Noticed Maurice
 11328 | D:9      | Killed Maurice
 11555 | D:9      | Noticed a centaur warrior
 11565 | D:9      | Killed a centaur warrior
 11570 | D:9      | Reached XP level 11. HP: 120/120 MP: 11/11
 12185 | D:10     | Entered Level 10 of the Dungeon
 12721 | D:10     | Found an ancient bone altar of Kikubaaqudgha.
 12759 | D:10     | Found a hide-covered altar of Uskayaw.
 12791 | D:10     | Found a basalt altar of Yredelemnul.
 13079 | D:10     | Found a glowing silver altar of Zin.
 13121 | D:11     | Noticed a boulder beetle
 13129 | D:11     | Killed a boulder beetle
 13212 | D:11     | Noticed a cyclops
 13252 | D:11     | Killed a cyclops
 13253 | D:11     | Reached skill level 12 in Fighting
 13718 | D:11     | Noticed a wizard
 13742 | D:11     | Killed a wizard
 14812 | D:11     | Found a staircase to the Lair.
 15048 | Lair:1   | Entered Level 1 of the Lair of Beasts
 15048 | Lair:1   | Noticed Gastronok
 15070 | Lair:1   | Killed Gastronok
 15325 | Lair:1   | Reached XP level 12. HP: 133/133 MP: 6/12
 15564 | Lair:1   | Reached skill level 13 in Fighting
 16556 | Lair:1   | Noticed a four-headed hydra
 16566 | Lair:1   | Killed a four-headed hydra
 17756 | Lair:1   | HP: 2/136 [cane toad (14)]
 17792 | Lair:1   | HP: 3/136 [yak (11)]
 18827 | Lair:2   | HP: 10/205 [poisoned by a black mamba]
 18832 | Lair:2   | HP: 7/205 [poisoned by a black mamba]
 18835 | Lair:2   | HP: 3/137 [poisoned by a black mamba]
 19387 | Lair:2   | Noticed an eight-headed hydra
 19399 | Lair:2   | Killed an eight-headed hydra
 19986 | Lair:2   | Noticed a six-headed hydra
 20004 | Lair:2   | Killed a six-headed hydra
 20005 | Lair:2   | Reached skill level 14 in Fighting
 20455 | Lair:2   | Reached XP level 13. HP: 106/146 MP: 6/13
 20819 | Lair:2   | Noticed Erica
 20897 | Lair:2   | Killed Erica
 21612 | Lair:3   | Reached skill level 10 in Dodging
 22132 | Lair:3   | Paralysed by a hornet for 2 turns
 22167 | Lair:3   | Identified a scroll of acquirement
 22167 | Lair:3   | Acquired a manual of Fighting
 22361 | D:6      | Bought the +10 morningstar "Eos" {elec, Halo rElec} for 740
                  | gold pieces
 22361 | D:6      | Found the +10 morningstar "Eos" {elec, Halo rElec}
 22783 | Lair:3   | Reached skill level 15 in Fighting
 23814 | Lair:4   | Reached skill level 16 in Fighting
 23894 | Lair:4   | Found a staircase to the Swamp.
 24593 | Lair:4   | Reached skill level 17 in Fighting
 24682 | Lair:4   | Found a staircase to the Snake Pit.
 25459 | Lair:5   | Received a gift from Trog
 25720 | Lair:5   | Found a runed translucent gate.
 25720 | Lair:5   | Found a runed translucent gate.
 25720 | Lair:5   | Found a runed translucent gate.
 25732 | Lair:5   | Noticed Qoypruj's ghost (journeyman MiGl)
 25732 | Lair:5   | Noticed Qoypruj's ghost (journeyman MiGl)
 25817 | Lair:5   | Reached skill level 18 in Fighting
 26062 | Lair:5   | Noticed Urug
 26079 | Lair:5   | Killed Urug
 26353 | Lair:5   | Reached skill level 19 in Fighting
 26433 | Lair:5   | Found a staircase to the Slime Pits.
 26670 | Lair:5   | Reached skill level 20 in Fighting
 26984 | Lair:5   | Identified the +4 dire flail "Subrupeh" {vorpal, SInv
                  | Stlth+}
 27357 | Lair:6   | Entered Level 6 of the Lair of Beasts
 27481 | Lair:6   | Reached XP level 14. HP: 175/175 MP: 14/14
 27510 | Lair:6   | HP: 7/175 [cane toad (17)]
 27510 | Lair:6   | HP: 3/175 [goliath frog (2)]
 27510 | Lair:6   | Splashed by a goliath frog's acid

Illustrated notes

Levels and vault maps discovered:
D:1:      evilmike_arrival_hilbert_curve, layout_loops_cross, serial_forest,
          infiniplex_forest_straight_4, infiniplex_forest_straight_2,
          infiniplex_forest_zigzag_2, infiniplex_forest_lined_room_2,
          infiniplex_forest_clump_double, infiniplex_forest_diagonal,
          infiniplex_forest_clump_cross, minmay_pentomino_z4
D:2:      layout_basic, basic_altar, hellmonk_ecumenical_altar_inner_sanctum,
          minmay_randomly_rotated_circles
D:3:      layout_loops_cross, bloody_trog, mainiacjoe_overflow_cross_hatched,
          lemuel_round_altar, kennysheep_potato
D:4:      minmay_angry_zag, layout_gridville, nicolae_elyvilon_peaceful_grove,
          minmay_temple_entry_large_hall
D:5:      layout_rooms, uniq_menkaure
D:6:      layout_basic, serial_shops, shop
D:7:      minmay_flawed_box, layout_cave_pods, nicolae_hepliaklqana_hippocampus,
          grunt_ministairs_15, uniq_crazy_yiuf_cottage, uniq_pikel
D:8:      minmay_statue_hallways, layout_loops_ring, tgw_fedhas,
          mainiacjoe_overflow_chevrons, nemelex_xobeh_ov_fountains_minmay,
          minmay_liquid_box, serial_bayou_pond_d, minmay_nine_imps
D:9:      layout_rooms, mainiacjoe_overflow_24_doors, nzn_ghost_randoct,
          grunt_ministairs_4, minivault_20, st_stairs_8, uniq_maurice
D:10:     layout_rooms, overflow_temple_1_default, zin_scriptorium,
          mainiacjoe_overflow_boulevard, mainiacjoe_overflow_brackets
D:11:     wad_pebble_path, layout_irregular_city, erik_lair_dragon
D:12:     layout_long_grid, orc_0_dummy, serial_shops, shop, enter_trove_0
Temple:   compressed_dpeg_triangle_lava_temple
Lair:1:   layout_small_grid, st_stairs_10, pond, grunt_megastairs_5,
          uniq_gastronok
Lair:2:   layout_cave_pods, st_stairs_7, serial_bayou_pond_d,
          minmay_lair_oklob_chamber, infiniplex_staircase_pool, uniq_erica
Lair:3:   layout_cave_pods, portal_ice_cave_entry_imps, grunt_megastairs_1
Lair:4:   layout_long_grid, minmay_swamp_entry_worms,
          guppyfry_snake_entry_island, serial_bayou_pond_c,
          minmay_lair_oklob_bushes
Lair:5:   cheibrodos_magma_flow, layout_cave_pods, slime_dummy,
          gammafunk_ghost_cemetery, uniq_urug
Lair:6:   minmay_lair_end_frog_pond, layout_regular_city, basic_altar,
          gammafunk_ghost_cemetery

Skill      XL: |  1  2  3  4  5  6  7  8  9 10 11 12 13 |
---------------+----------------------------------------+-----
Maces & Flails | 3 4 5 6 8 9 11 12 13 14 | 14.4
Dodging        | 3 4 6 7 8 9 10 | 10.3
Fighting       | 5 6 7 8 10 11 12 14 20 | 20.0

Action                   |  1- 3 |  4- 6 |  7- 9 | 10-12 | 13-15 || total
-------------------------+-------+-------+-------+-------+-------++-------
Melee: Mace              |   113 |     5 |       |       |       ||   118
       Whip              |       |   110 |   327 |   727 |   117 ||  1281
       Morningstar       |       |       |       |       |   212 ||   212
Throw: Dart              |     7 |    21 |    51 |    94 |    18 ||   191
       Boomerang         |       |       |     3 |     7 |       ||    10
Invok: Berserk           |     2 |     6 |    14 |    30 |    13 ||    65
       Trog's Hand       |       |       |     1 |     4 |     1 ||     6
       Brothers in Arms  |       |       |       |     1 |       ||     1
  Use: Scroll            |       |       |     5 |     9 |     9 ||    23
       Potion            |       |       |       |    11 |     3 ||    14
Armor: Animal skin       |    31 |    15 |    86 |   221 |     2 ||   355
       Robe              |       |       |       |       |   125 ||   125
       Skin              |       |       |       |       |     5 ||     5
Dodge: Dodged            |    65 |    38 |   123 |   240 |   164 ||   630
Block: Kite shield       |       |       |       |   136 |   154 ||   290
